AoeStats
← blueshell

Migration

508132238Analyzed
1v1 RM · 12d ago on Sep 21, 2026· 36m 9s· 2 players
Game mode
Random Map
Map size
132×132
Population
200
Speed
Normal
Resources
Standard
Victory
Conquest
Starting age
Dark Age
Ending age
Imperial Age
RankedLock teamsTeams togetherTeam positionsShared explorationLock speedFull tech treeHidden civsTurbo modeCheats
Victory
Defeat
🇺🇸 Koreans · United States
736
+15
🇺🇸 Saracens · United States
704
-15
NoMojoMofo
2:15 Loom
11:14 Feudal Age
12:07 Double-Bit Axe
12:13 Town Watch
13:39 Horse Collar
15:27 Wheelbarrow
25:00 Castle Age
22:36 Man-at-Arms
23:33 Bloodlines
25:02 Gold Mining
25:08 Stone Mining
25:28 Long Swordsman
26:10 Squires
26:00 Gambesons
26:46 Forging
26:38 Scale Mail Armor
26:05 Crossbowman
27:38 Fletching
28:13 Padded Archer Armor
28:53 Arson
32:27 Hand Cart
33:09 Demolition Ship
36:28 Medium Warships
blueshell
12:30 Feudal Age
12:59 Fishing Lines
14:47 Double-Bit Axe
21:55 Castle Age
23:14 Loom
24:05 Wheelbarrow
23:15 Town Watch
24:41 Gillnets
24:54 Fletching
25:03 Gold Mining
26:17 Town Patrol
28:05 Hand Cart
32:03 Bodkin Arrow
34:44 Bow Saw
39:13 Imperial Age
Connection lost

Rejoining the realm…

Still unreachable

The connection could not be restored.

Session expired

The server has moved on; the page needs a fresh start.